 Dungeon Sprint DCSS version 0.27.1-33-g824d729ab1 (webtiles) character file.

Game seed: 4165425180371244453

12 Descartes the Grasshopper (level 2, 0/13 HPs)
             Began as a Felid Warper on Dec 21, 2021.
             Was the Champion of Jiyva.
             Slain by an efreet (9 damage)
             ... in the Dungeon (Sprint V: "Ziggurat Sprint").
             The game lasted 00:02:47 (37 turns).

Descartes the Grasshopper (Felid Warper)              Turns: 37, Time: 00:02:48

Health: 0/13       AC:  4    Str:  7    XL:     2   Next: 20%
Magic:  6/6        EV: 22    Int: 14    God:    Jiyva [******]
Gold:   0          SH:  0    Dex: 19    Spells: 5/5 levels left
                                        Lives:  0   Deaths: 0

rFire    . . .     SeeInvis +     - Unarmed
rCold    + . .     Faith    .   (shield unavailable)
rNeg     . . .     Spirit   .   (armour unavailable)
rPois    +         Reflect  .   (helmet unavailable)
rElec    .         Harm     .   (cloak unavailable)
rCorr    +         Rampage  .   (gloves unavailable)
Will     .....     NoTele   +   (boots unavailable)
Stlth    ++++......             (no amulet)
HPRegen  0.04/turn              (no ring)
MPRegen  0.10/turn              (no ring)

@: mighty, quick
A: very small, claws 1, fangs 3, see invisible, speed 1, shaggy fur 1, stealthy
paws, no weapons or thrown items, no armour, multi-lived, antennae 1, iridescent
scales 1, thin skeletal structure 2, cold resistance 1, poison resistance,
eyeballs 2, gelatinous body 1
a: Renounce Religion, Request Jelly, Slimify, Cure Bad Mutation


You were in the Dungeon.
You worshipped Jiyva.
Jiyva was exalted by your worship.
You visited 1 branch

Inventory:

Jewellery
 q - a ring of flight
 r - a +6 ring of dexterity
 s - a +6 ring of dexterity
 t - a +6 ring of intelligence
 u - a +6 ring of intelligence
 v - a +6 ring of strength
 w - a +6 ring of strength
Wands
 x - a wand of mindburst (7)
 y - a wand of iceblast (7)
 z - a wand of acid (7)
Scrolls
 a - 5 scrolls of blinking
 l - 4 scrolls of amnesia
 m - 7 scrolls of fog
 n - a scroll of holy word
 o - 5 scrolls of identify
 p - 2 scrolls of fear
Potions
 b - 10 potions of curing
 c - 10 potions of heal wounds
 d - 6 potions of haste
 e - 7 potions of magic
 f - 3 potions of berserk rage
 g - 2 potions of brilliance
 h - 2 potions of invisibility
 i - 4 potions of resistance
 k - 4 potions of might
Miscellaneous
 A - a lightning rod (4/4)


   Skills:
 + Level 2.0 Fighting
 + Level 6.5 Dodging
 + Level 4.7 Unarmed Combat
 - Level 2.0 Spellcasting
 + Level 7.7 Translocations


You had 5 spell levels left.
You didn't know any spells.
Your spell library contained the following spells:

 Spells                   Type           Power      Damage    Failure   Level
 Blink                    Tloc           N/A        N/A       1%          2
 Gell's Gravitas          Tloc           11%        N/A       3%          3
 Lesser Beckoning         Tloc           11%        N/A       3%          3
 Teleport Other           Tloc           23%        N/A       3%          3
 Manifold Assault         Tloc           23%        N/A       26%         5


Dungeon Overview and Level Annotations

Branches:
Dungeon (1/1)

Altars:
Ashenzari
Cheibriados
Dithmenos
Elyvilon
Fedhas
Gozag
Hepliaklqana
Kikubaaqudgha
Makhleb
Nemelex Xobeh
Okawaru
Qazlal
Ru
Sif Muna
Trog
Uskayaw
Vehumet
Wu Jian
Xom
Yredelemnul
Zin
The Shining One
Beogh
Jiyva
Lugonu

Annotations:
D 1 transporter


Innate Abilities, Weirdness & Mutations

You have sharp claws.
You have razor-sharp teeth.
You have supernaturally acute eyesight. (SInv)
You cover ground quickly. (Speed+)
You are covered in fur. (AC +1)
Your paws help you pounce on unaware monsters.
You are incapable of wielding weapons or throwing items.
You cannot wear armour.
You gain extra lives every three experience levels.
You have a pair of small antennae on your head.
You are partially covered in iridescent scales. (AC +2)
You have a moderately thin skeletal structure. (Dex +4, Stealth++)
Your flesh is cold resistant. (rC+)
Your system is resistant to poisons. (rPois)
Your body has grown many golden eyes which may confuse attackers. (Acc +5)
Your rubbery body absorbs attacks. (AC +1, EV +1)


Message History

The efreet is moderately wounded.
You hear a distant slurping noise.
Jiyva alters your body.
You feel your magical essence link to the dungeon's wands.
Jiyva appreciates your sacrifice.
You hear a distant slurping noise.
Jiyva alters your body.
You feel resistant to poisons. Jiyva appreciates your sacrifice.
The efreet barely misses you.
The shadow imp shouts!
You feel very mighty all of a sudden.
You hear a distant slurping noise.
Jiyva alters your body.
You feel clumsy. Jiyva appreciates your sacrifice.
You hear a distant slurping noise.
Jiyva alters your body.
Iridescent scales grow over part of your body.
Jiyva appreciates your sacrifice. Jiyva alters your body.
Your body becomes stretchy.
Jiyva appreciates your sacrifice. Jiyva alters your body.
Your magical essence no longer links to wands of the dungeon.
Jiyva appreciates your sacrifice. Jiyva alters your body.
You feel resistant to cold. Jiyva appreciates your sacrifice.
The shadow imp hits you.
You shudder from the blow and a jelly pops out!
The efreet completely misses you.
You scratch the efreet.
The efreet is moderately wounded.
Your acid blob spits acid at the shadow imp.
The splash of acid hits the shadow imp!
The shadow imp is splashed with acid.
The acid corrodes the shadow imp!
The shadow imp dies!
You claw the efreet!
The efreet is heavily wounded.
The efreet hits you with a +0 scimitar of flaming!
Ouch! That really hurt!
You die...

▓▓▓▓▓▓▓
▓.8©8.▓
▓.....▓
▓.).R.▓
▓..@J.▓
▓.....▓
▓..©..▓
▓▓▓▓▓▓▓


You could see an efreet (ally target) and a friendly acid blob (summoned).

Vanquished Creatures (collateral kills)
  A shadow imp (D)
1 creature vanquished.

Vanquished Creatures (others)
  the Royal Jelly (D)
  Gloorx Vloq (D)
  Frederick (D)
  5 acid blobs (D)
  Agnes (D)
  6 rockslimes (D)
  Kirke (D)
  5 azure jellies (D)
  2 quicksilver oozes (D)
  Josephine (D)
  Erica (D)
  Maurice (D)
  Psyche (D)
  A slime creature (D)
  Grinder (D)
  Menkaure (D)
  Blork the orc (D)
  Terence (D)
32 creatures vanquished.

Grand Total: 33 creatures vanquished

Notes
Turn   | Place    | Note
-------+----------+-------------------------------------------
     0 | D        | Descartes the Felid Warper began the quest for the Orb.
     0 | D        | Reached XP level 1. HP: 9/9 MP: 4/4
     0 | D        | Found a shimmering blue altar of Sif Muna.
     0 | D        | Found a sacrificial altar of Ru.
     0 | D        | Found a bloodstained altar of Trog.
     0 | D        | Found a stormy altar of Qazlal.
     0 | D        | Found an iron altar of Okawaru.
     0 | D        | Found a sparkling altar of Nemelex Xobeh.
     0 | D        | Found a blossoming altar of Fedhas.
     0 | D        | Found the +6 Majin-Bo {vamp, MP+6 Int+6}
     0 | D        | Found the +9 heavy crossbow "Sniper" {vorpal, Acc+∞ SInv}
     0 | D        | Found the +10 dark maul {vorpal}
     0 | D        | Found the +15 Maxwell's patent armour {-Cast -Tele rElec
                  | Will+ rCorr}
     0 | D        | Found the +18 shield of the Gong {rElec rN+ Will+ EV-5}
     0 | D        | Found the +14 obsidian axe {vorpal, Mesm Drain Fly SInv}
     0 | D        | Found the +7 great mace "Firestarter" {inner flame, rF++}
     0 | D        | Found the +6 shillelagh "Devastator" {shatter}
     0 | D        | Found the +11 plutonium sword {Contam Stlth-}
     0 | D        | Found the +8 lance "Wyrmbane" {slay drac, rPois rF+ rC+
                  | AC+3}
     0 | D        | Found the +9 sword of Zonguldrok {reap}
     0 | D        | Found the +13 scythe of Curses {drain, Drain}
     0 | D        | Found the +5 sword of Power {vorpal}
     0 | D        | Found the +7 mace of Variability {chain chaos}
     0 | D        | Found the +7 Singing Sword {vorpal, sonic wave}
     0 | D        | Found the +8 storm bow {elec, penet}
     2 | D        | Found a transporter.
     2 | D        | Found an ancient bone altar of Kikubaaqudgha.
     2 | D        | Found a viscous altar of Jiyva.
     2 | D        | Found a corrupted altar of Lugonu.
     2 | D        | Found a hazy altar of Hepliaklqana.
     2 | D        | Found a burning altar of Makhleb.
     2 | D        | Found an opulent altar of Gozag.
    25 | D        | Became a worshipper of Jiyva Jetas the Shapeless
    25 | D        | Reached * piety under Jiyva
    25 | D        | Killed Psyche
    25 | D        | Reached ** piety under Jiyva
    25 | D        | Reached *** piety under Jiyva
    26 | D        | Reached skill level 7 in Translocations
    26 | D        | Reached XP level 2. HP: 13/13 MP: 6/6
    27 | D        | Gained mutation: Your mind is acute. (Int +2) [Jiyva's
                  | grace]
    27 | D        | Reached **** piety under Jiyva
    27 | D        | Killed a slime creature
    27 | D        | Gained mutation: You have a small jelly attached to you
                  | that may absorb incoming projectiles. [Jiyva's grace]
    27 | D        | Reached ***** piety under Jiyva
    27 | D        | Gained mutation: Your spells are a little easier to cast,
                  | but a little less powerful. [Jiyva's grace]
    28 | D        | Lost mutation: You have a small jelly attached to you that
                  | may absorb incoming projectiles. [Jiyva's grace]
    28 | D        | Gained mutation: You have a pair of small antennae on your
                  | head. [Jiyva's grace]
    28 | D        | Reached ****** piety under Jiyva
    29 | D        | Killed a quicksilver ooze
    29 | D        | Killed Agnes
    29 | D        | Killed a rockslime
    29 | D        | Killed a rockslime
    30 | D        | Gained mutation: You have a somewhat thin skeletal
                  | structure. (Dex +2, Stealth+) [Jiyva's grace]
    30 | D        | Gained mutation: Your body has grown golden eyes which may
                  | confuse attackers. (Acc +3) [Jiyva's grace]
    30 | D        | Gained mutation: You expend magic power (3 MP) to
                  | strengthen your wands. [Jiyva's grace]
    30 | D        | Killed an azure jelly
    30 | D        | Lost mutation: Your spells are a little easier to cast, but
                  | a little less powerful. [Jiyva's grace]
    30 | D        | Gained mutation: You are agile. (Dex +2) [Jiyva's grace]
    30 | D        | Gained mutation: You have a moderately thin skeletal
                  | structure. (Dex +4, Stealth++) [Jiyva's grace]
    30 | D        | Lost mutation: Your mind is acute. (Int +2) [Jiyva's grace]
    31 | D        | Entered arena 2.
    31 | D        | Noticed an efreet
    31 | D        | Killed Terence
    31 | D        | Found a transporter.
    31 | D        | Lost mutation: You expend magic power (3 MP) to strengthen
                  | your wands. [Jiyva's grace]
    31 | D        | Killed Frederick
    31 | D        | Killed a rockslime
    31 | D        | Killed an acid blob
    31 | D        | Killed an acid blob
    31 | D        | Killed Grinder
    31 | D        | Killed an azure jelly
    32 | D        | Killed Gloorx Vloq
    32 | D        | Killed an acid blob
    32 | D        | Killed Kirke
    32 | D        | Killed Blork the orc
    32 | D        | Killed Menkaure
    33 | D        | Gained mutation: Your body has grown many golden eyes which
                  | may confuse attackers. (Acc +5) [Jiyva's grace]
    33 | D        | Killed Josephine
    34 | D        | Gained mutation: You expend magic power (3 MP) to
                  | strengthen your wands. [Jiyva's grace]
    34 | D        | Killed a quicksilver ooze
    34 | D        | Gained mutation: Your system is resistant to poisons.
                  | (rPois) [Jiyva's grace]
    34 | D        | Killed Maurice
    34 | D        | Killed a rockslime
    35 | D        | Killed an acid blob
    35 | D        | Lost mutation: You are agile. (Dex +2) [Jiyva's grace]
    35 | D        | Gained mutation: You are partially covered in iridescent
                  | scales. (AC +2) [Jiyva's grace]
    35 | D        | Gained mutation: Your rubbery body absorbs attacks. (AC +1,
                  | EV +1) [Jiyva's grace]
    35 | D        | Lost mutation: You expend magic power (3 MP) to strengthen
                  | your wands. [Jiyva's grace]
    35 | D        | Gained mutation: Your flesh is cold resistant. (rC+)
                  | [Jiyva's grace]
    35 | D        | Killed Erica
    35 | D        | Killed the Royal Jelly
    35 | D        | Killed an azure jelly
    35 | D        | Killed an azure jelly
    36 | D        | Killed a rockslime
    36 | D        | Killed an acid blob
    36 | D        | Killed an azure jelly
    37 | D        | Killed a rockslime
    37 | D        | Slain by an efreet

Illustrated notes

Levels and vault maps discovered:
D:        sprint_v [room_start, room_1, room_2, room_3, room_4, room_5, room_6,
          room_7, room_8, room_9, room_10, room_11, room_12, room_13, room_14,
          room_15, room_16, room_17, room_18, room_19, room_20, room_21,
          room_22, room_23, room_24, room_25, room_26, room_27]

Skill      XL: |  1 |
---------------+----+-----
Dodging        | 6 |  6.5
Unarmed Combat | 4 |  4.7
Translocations | 7 |  7.7
Fighting       | |  2.0
Spellcasting   | |  2.0

Action                   || total
-------------------------++-------
Melee: Unarmed           ||     3
  Use: Potion            ||     2
 Stab: Sleeping          ||     1
Dodge: Dodged            ||     2
